 Dungeon Crawl Stone Soup version 0.29-a0-414-g5075937ec3 (webtiles) character file.

Game seed: 10953003558966071782

620 siradein the Grave Robber (level 7, -8/46 HPs)
             Began as a Vampire Necromancer on May 16, 2022.
             Mangled by an ice beast (13 damage)
             ... on level 5 of the Dungeon.
             The game lasted 00:15:28 (4580 turns).

siradein the Grave Robber (Vampire Necromancer)     Turns: 4580, Time: 00:15:28

Health: -8/46      AC: 11    Str:  9    XL:     7   Next: 22%
Magic:  13/13      EV:  6    Int: 18    God:
Gold:   209        SH:  7    Dex: 14    Spells: 11/15 levels left

rFire   + + .      SeeInvis +   f - +2 dagger (venom)
rCold   x . .      Faith    .   y - +0 kite shield
rNeg    . . .      Spirit   .   c - +0 fire dragon scales
rPois   .          Reflect  .   a - +0 helmet
rElec   .          Harm     .   (no cloak)
rCorr   .          Rampage  .   w - +0 pair of gloves
Will    .....                   (no boots)
Stlth   +.........              (no amulet)
HPRegen 0.35/turn               (no ring)
MPRegen 0.13/turn               (no ring)

@: healing quickly
A: alive, fangs 3, see invisible, vampiric 2
a: Exsanguinate


You were on level 5 of the Dungeon.
You visited 1 branch of the dungeon, and saw 5 of its levels.

You collected 248 gold pieces.
You spent 39 gold pieces at shops.

Inventory:

Hand Weapons
 f - a +2 dagger of venom (weapon)
 m - a +0 long sword
Armour
 a - a +0 helmet (worn)
 c - +0 fire dragon scales (worn)
 w - a +0 pair of gloves (worn)
 y - a +0 kite shield (worn)
Magical Staves
 q - a staff of poison
Wands
 z - a wand of iceblast (7)
Scrolls
 h - a scroll of fog
 j - a scroll of vulnerability
 l - a scroll of enchant armour {unknown}
 o - a scroll of blinking {unknown}
 p - a scroll of magic mapping {unknown}
 r - a scroll of torment {unknown}
 x - a scroll of identify {unknown}
Potions
 b - 2 potions of magic
 d - 4 potions of curing
 e - a potion of attraction {unknown}
 g - a potion of might {unknown}
 i - a potion of heal wounds {unknown}
 k - a potion of berserk rage {unknown}
 n - 2 potions of brilliance {unknown}
 s - a potion of degeneration {unknown}
 t - a potion of haste
 u - a potion of ambrosia {unknown}
 v - 2 potions of resistance {unknown}


   Skills:
 + Level 3.1 Armour
 - Level 2.1 Dodging
 - Level 3.0 Stealth
 + Level 1.1 Shields
 + Level 4.5 Spellcasting
 + Level 6.7 Necromancy


You had 11 spell levels left.
You knew the following spells:

 Your Spells              Type           Power      Damage    Failure   Level
a - Pain                  Necr           100%       1d9       34%         1
b - Vampiric Draining     Necr           28%        2d8       71%         3

Your spell library contained the following spells:

 Spells                   Type           Power      Damage    Failure   Level
 Animate Skeleton         Necr           56%        N/A       34%         1
 Animate Dead             Necr           14%        N/A       98%         4
 Beastly Appendage        Tmut           8%         N/A       99%         1
 Wereblood                Tmut           4%         N/A       100%        2
 Spider Form              Tmut/Pois      4%         N/A       100%        3
 Agony                    Necr           28%        N/A       100%        5


Dungeon Overview and Level Annotations

Branches:
Dungeon (5/15)
 Temple: D:4-7

Altars:
Cheibriados
Dithmenos
Okawaru

Shops:
D:2 !   D:4 *=*


Innate Abilities, Weirdness & Mutations

Your natural rate of healing is accelerated.
You have razor-sharp teeth.
You have supernaturally acute eyesight. (SInv)
You are afflicted with vampirism and can become a bat while bloodless.


Message History

The iguana is heavily wounded.
The iguana bites you.
You hit the iguana.
The iguana looks as sick as possible!
The iguana is almost dead.
The iguana bites you but does no damage.
You closely miss the iguana.
The iguana is almost dead.
You kill the iguana!
You hit the ice beast.
The ice beast is lightly wounded.
The ice beast hits you. The ice beast freezes you!!
You feel a terrible chill!
The ice beast hits you but does no damage.
You are too injured to fight recklessly!
You are too injured to fight recklessly!
You are too injured to fight recklessly!
You are too injured to fight recklessly!
The ice beast attacks as you move away!
The ice beast hits you but does no damage.
The ice beast attacks as you move away! You block the ice beast's attack.
The ice beast attacks as you move away!
The ice beast hits you but does no damage.
The ice beast attacks as you move away! The ice beast barely misses you.
The ice beast attacks as you move away!
The ice beast hits you but does no damage.
The ice beast attacks as you move away! The ice beast hits you.
The ice beast freezes you!
You feel a terrible chill!
* * * LOW HITPOINT WARNING * * *
You barely miss the ice beast. Your bite misses the ice beast.
The ice beast is lightly wounded.
You block the ice beast's attack.
You closely miss the ice beast.
You bite the ice beast, but do no damage.
The ice beast is lightly wounded.
You block the ice beast's attack.
You completely miss the ice beast.
The ice beast is lightly wounded.
The ice beast hits you.
* * * LOW HITPOINT WARNING * * *
The ice beast freezes you!
You feel a terrible chill!
You die...

#.####.#.#.##.####.....######
#.# #................#.##...#
#.# #..#.#.##.####.#..(...#.#
#.# #......#...###.###.##...#
#.###.##.##.....##.....###.##
#.........##...######### #.#
#.###.###.###.## ##.## #.....#
#.# #Y# #...# #..#### #.# #@#
###...## ###..######.###'##
#....... #........<..##...##
#....... #.##.###.####.....##
#....... #.#.#.##.###.......##
##.#...##
#..###.#.##.........####......##
#.#.#.....+.........+...........
#........##.........####...#.###
####..######...........#.......#


You could see an ice beast.

Vanquished Creatures
  A sky beast (D:3)
  A black bear (D:4)
  A centaur (D:5)
  A necrophage (D:4)
  A scorpion (D:4)
  An orc priest (D:4)
  2 iguanas (D:5)
  6 adders
  3 gnolls
  A worm (D:2)
  2 dart slugs
  3 orcs (D:4)
  4 ball pythons
  5 bats (D:1)
  7 endoplasms
  5 giant cockroaches
  6 goblins
  3 hobgoblins
  5 jackals
  3 quokkas
  A frilled lizard (D:2)
  8 kobolds
  5 rats
75 creatures vanquished.

Vanquished Creatures (others)
  19 plants (D:4)
19 creatures vanquished.

Grand Total: 94 creatures vanquished

Notes
Turn   | Place    | Note
-------+----------+-------------------------------------------
     0 | D:1      | siradein the Vampire Necromancer began the quest for the
                  | Orb.
     0 | D:1      | Reached XP level 1. HP: 13/13 MP: 3/3
   378 | D:1      | Reached XP level 2. HP: 6/19 MP: 1/5
   552 | D:1      | Found a faded altar of an unknown god.
   637 | D:1      | You fall into a shaft and drop 1 floor!
   945 | D:1      | Reached skill level 5 in Necromancy
   945 | D:1      | Gained mutation: You are afflicted with vampirism and can
                  | become a bat while bloodless. [Vampire growth]
   945 | D:1      | Reached XP level 3. HP: 24/24 MP: 7/7
  1009 | D:1      | Learned a level 3 spell: Vampiric Draining
  1440 | D:2      | Reached XP level 4. HP: 24/30 MP: 8/8
  1573 | D:2      | Found Hyecry's Distillery.
  1583 | D:2      | Bought a potion of curing for 39 gold pieces
  1608 | D:2      | Reached skill level 1 in Armour
  1964 | D:3      | Found a shadowy altar of Dithmenos.
  2187 | D:3      | Noticed a sky beast
  2204 | D:3      | Killed a sky beast
  2205 | D:3      | Reached XP level 5. HP: 4/35 MP: 8/10
  2887 | D:3      | Found a shadowy altar of Dithmenos.
  3394 | D:4      | Noticed a black bear
  3405 | D:4      | Killed a black bear
  3406 | D:4      | Reached skill level 6 in Necromancy
  3406 | D:4      | Reached XP level 6. HP: 29/41 MP: 11/11
  3709 | D:4      | Found Gyequr's Jewellery Shoppe.
  3731 | D:4      | Found a snail-covered altar of Cheibriados.
  3865 | D:4      | Found Jakiucu's General Store.
  4095 | D:4      | Found Aneryl's Assorted Antiques.
  4217 | D:5      | Entered Level 5 of the Dungeon
  4407 | D:5      | Reached skill level 1 in Shields
  4407 | D:5      | Reached XP level 7. HP: 26/46 MP: 13/13
  4535 | D:5      | Found an iron altar of Okawaru.
  4580 | D:5      | Mangled by an ice beast

Illustrated notes

Levels and vault maps discovered:
D:1:      co_arrival_random_square_maze, layout_basic,
          ebering_ecumenical_altar_mist, minmay_indecisive_spiral
D:2:      layout_rooms, serial_shops, nicolae_lakefront_shop
D:3:      layout_loops_ring, nicolae_dithmenos_the_darkroom, minmay_misc_feat_x
D:4:      layout_rooms, kennysheep_mini_moat, serial_shops, shop, shop,
          nicolae_stop_n_shop_2, serial_bayou_lagoon_a
D:5:      layout_loops_corners, mainiacjoe_overflow_brackets, okawaru_trees_1,
          minmay_misc_feat_five, kennysheep_windowed_goal

Skill      XL: |  1  2  3  4  5  6 |
---------------+-------------------+-----
Necromancy     | 5 6 |  6.7
Spellcasting   | 3 4 |  4.5
Armour         | 1 2 3 |  3.1
Shields        | 1 |  1.1
Dodging        | |  2.1
Stealth        | |  3.0

Action                   |  1- 3 |  4- 6 |  7- 9 || total
-------------------------+-------+-------+-------++-------
Melee: Dagger            |    29 |    64 |    11 ||   104
       Unarmed           |     2 |       |       ||     2
       Bite              |    11 |    11 |     2 ||    24
       Punch             |     1 |       |       ||     1
       Falchion          |    63 |       |       ||    63
       Long sword        |       |    86 |       ||    86
 Cast: Pain              |    34 |     1 |       ||    35
  Use: Scroll            |       |     2 |       ||     2
Armor: Robe              |     4 |       |       ||     4
       Fire dragon scale |    74 |   101 |     8 ||   183
Dodge: Dodged            |    46 |    64 |     1 ||   111
Block: Kite shield       |       |    12 |     4 ||    16

Table legend: (Time is in decaauts)
 A = Elapsed time spent in this place.
 B = Non-inter-level travel time spent in this place.
 C = Inter-level travel time spent in this place.
 D = Time resting spent in this place.
 E = Time spent auto-exploring this place.
 F = Levels seen in this place.
 G = Mean time per level.
                   A        B        C        D        E       F      G
               +--------+--------+--------+--------+--------+-----+--------+
         Total |   4649 |   4551 |     98 |    198 |   3303 |   5 |  929.8 |
       Dungeon |   4649 |   4551 |     98 |    198 |   3303 |   5 |  929.8 |
               +--------+--------+--------+--------+--------+-----+--------+

Top non-repeatable levels by time:
     D:3: 1530 daAuts
     D:1: 1190 daAuts
     D:4: 870 daAuts
     D:2: 691 daAuts
     D:5: 367 daAuts
